 Dungeon Crawl Stone Soup version 0.21-a0-215-g0631661 (webtiles) character file.

984 namelastname112 the Chopper (level 7, -2/63 HPs)
             Began as a Yellow Draconian Gladiator on Aug 22, 2017.
             Killed from afar by an orc wizard (5 damage)
             ... with a magic dart
             ... on level 4 of the Dungeon.
             The game lasted 00:05:13 (4098 turns).

namelastname112 the Chopper (DrGl)                  Turns: 4098, Time: 00:05:13

Health: -2/63      AC:  6    Str: 25 (26) XL:     7   Next: 97%
Magic:  16/16      EV: 14    Int:  6 (8)  God:
Gold:   206        SH:  0    Dex: 11 (14) Spells: 6/6 levels left

rFire    . . .     SeeInvis .   a - +0 war axe
rCold    . . .     Gourm    .   (no shield)
rNeg     . . .     Faith    .   (armour unavailable)
rPois    .         Spirit   .   b - +0 hat
rElec    .         Reflect  .   (no cloak)
rCorr    +         Harm     .   (no gloves)
MR       .....                  (no boots)
Stlth    +.........             (no amulet)
HPRegen  0.20/turn              s - +4 ring of strength
MPRegen  0.15/turn              t - ring of magical power

@: mighty, short of breath
A: spit acid, acid resistance, unfitting armour, cold-blooded, AC +6
a: Breathe Acid


You were on level 4 of the Dungeon.
You were not hungry.

You visited 1 branch of the dungeon, and saw 4 of its levels.

You collected 206 gold pieces.

Inventory:

Hand Weapons
 a - a +0 war axe (weapon)
Missiles
 c - 2 throwing nets (quivered)
Armour
 b - a +0 hat (worn)
Jewellery
 s - a +4 ring of strength (left hand)
 t - a ring of magical power (right hand)
Wands
 y - a wand of clouds (5/9)
Scrolls
 e - 3 scrolls of teleportation {unknown}
 g - 2 scrolls of random uselessness {unknown}
 h - a scroll of identify
 p - a scroll of fear {unknown}
 w - a scroll of noise {unknown}
 x - a scroll of remove curse {unknown}
 A - 3 scrolls of immolation {unknown}
Potions
 i - a potion of heal wounds {unknown}
 j - a potion of might
 k - a potion of curing {unknown}
 l - a potion of mutation {unknown}
 m - a potion of flight
 o - a potion of agility {unknown}
 q - a potion of brilliance
 u - a potion of invisibility
Books
 r - a book of Misfortune

   Spells                             Type                      Level
   a - Confusing Touch                Hexes                        1
   b - Confuse                        Hexes                        3
   c - Gell's Gravitas                Translocation                3
   d - Petrify                        Transmutation/Earth          4
   e - Metabolic Englaciation         Hexes/Ice                    5
   f - Yara's Violent Unravelling     Hexes/Transmutation          5
 v - a book of Minor Magic

   Spells                             Type                      Level
   a - Magic Dart                     Conjuration                  1
   b - Blink                          Translocation                2
   c - Call Imp                       Summoning                    2
   d - Slow                           Hexes                        2
   e - Conjure Flame                  Conjuration/Fire             3
   f - Mephitic Cloud                 Conjuration/Poison/Air       3
Comestibles
 d - 2 bread rations
 n - 2 fruits
 z - 2 chunks of flesh


   Skills:
 + Level 6.1 Fighting
 + Level 6.3 Axes
 - Level 1.7 Throwing
 + Level 5.3 Dodging


You had 6 spell levels left.
You didn't know any spells.

Dungeon Overview and Level Annotations

Branches:
Dungeon (4/15)
 Temple: D:4-7

Altars:
Gozag
Nemelex Xobeh
Zin


Innate Abilities, Weirdness & Mutations

You can spit globs of acid.
You are resistant to acid.
Your golden yellow scales are hard. (AC +6)
You cannot fit into any form of body armour.
You are cold-blooded and may be slowed by cold attacks.


Message History

You miss something.
Your tail-slap misses something.
Something hits you but does no damage.
You barely miss something.
You hear some strange, mumbled words.
A magic dart appears from out of thin air!
The magic dart hits you!
* * * LOW HITPOINT WARNING * * *
You take 8 damage, and have 4/63 hp.
It was a potion of might.
You feel very mighty all of a sudden. Something hits you.
* * * LOW HITPOINT WARNING * * *
You take 2 damage, and have 2/63 hp.
It was a potion of degeneration.
There was something very wrong with that liquid.
You feel weakened.
You feel dopey.
You feel clumsy.
You hear some strange, mumbled words.
A magic dart appears from out of thin air!
The magic dart hits you!
You die...

#...# #..<#
. .....#.#
#...# ##
#.#.#..#.##
#...###..
.#.#..#..
.........
.......
.........
.....
.........
#.##...#
#...####
#...†){#
#...#
#####@#
#...#
#..(.)#
#†..#
#.#####
#...#
####.####
#...##
#.......#
.....#
#.##.##.#
...#.####
#.##.####
.........
#.......#
..#..####
####.##....#


There were no monsters in sight!

Vanquished Creatures
  Grinder (D:4)
  A phantom (D:4)
  The ghost of namelastname112 the Chopper, an amateur DrGl (D:3)
  An ogre (D:4)
  A hound (D:4)
  5 orc priests
  2 orc wizards
  A worker ant (D:4)
  Natasha (thrice) (D:2)
  10 adders
  3 oozes
  An adder zombie (D:4)
  3 worms
  A leopard gecko (D:2)
  11 orcs
  6 bats
  7 giant cockroaches
  8 hobgoblins
  8 jackals
  8 kobolds
  A quokka (D:4)
  A ball python skeleton (D:4)
  3 frilled lizards
  11 goblins
  A leopard gecko skeleton (D:4)
  7 rats
106 creatures vanquished.

Vanquished Creatures (others)
  A plant (D:2)
1 creature vanquished.

Grand Total: 107 creatures vanquished

Notes
Turn   | Place    | Note
-------+----------+-------------------------------------------
     0 | D:1      | namelastname112 the Draconian Gladiator began the quest for the Orb.
     0 | D:1      | Reached XP level 1. HP: 17/17 MP: 1/1
   160 | D:1      | Reached XP level 2. HP: 24/25 MP: 2/2
   780 | D:2      | Reached XP level 3. HP: 9/31 MP: 3/3
  1060 | D:2      | Noticed Natasha
  1075 | D:2      | Killed Natasha
  1153 | D:2      | Noticed Natasha
  1170 | D:2      | Killed Natasha
  1170 | D:2      | Reached XP level 4. HP: 23/38 MP: 4/4
  1513 | D:2      | Found a sparkling altar of Nemelex Xobeh.
  1518 | D:2      | Found an opulent altar of Gozag.
  1521 | D:2      | Found a glowing silver altar of Zin.
  1861 | D:2      | Noticed Natasha
  1873 | D:2      | Killed Natasha
  1873 | D:2      | Reached XP level 5. HP: 30/46 MP: 5/5
  2238 | D:3      | Noticed an orc warrior
  2356 | D:3      | Reached XP level 6. HP: 4/53 MP: 6/6
  2505 | D:3      | Noticed namelastname112's ghost (amateur DrGl)
  2986 | D:3      | Killed namelastname112's ghost
  2986 | D:3      | Reached skill level 5 in Axes
  3240 | D:3      | Reached skill level 5 in Fighting
  3546 | D:4      | Your scales start taking on a golden yellow colour.
  3546 | D:4      | Reached XP level 7. HP: 59/61 MP: 7/7
  3951 | D:4      | Noticed Grinder
  3964 | D:4      | Killed Grinder
  3964 | D:4      | Reached skill level 5 in Dodging
  4097 | D:4      | HP: 2/63 [something (2)]
  4098 | D:4      | Killed from afar by an orc wizard

Vault maps used:
D:1:      dpeg_arrival_arbitrary_a
D:2:      minitemple, serial_forest, infiniplex_forest_clump_diagonal,
          infiniplex_forest_end_3, infiniplex_forest_lined_corner,
          infiniplex_forest_end_2, infiniplex_forest_lined_2,
          infiniplex_forest_clump_double, uniq_natasha
D:4:      uniq_duvessa, uniq_grinder

Skill      XL: |  1  2  3  4  5  6  7 |
---------------+----------------------+-----
Fighting       | 3 4 5 6 |  6.1
Dodging        | 3 4 5 |  5.3
Axes           | 4 5 6 |  6.3
Throwing       | |  1.7

Action                   |  1- 3 |  4- 6 |  7- 9 || total
-------------------------+-------+-------+-------++-------
Melee: War axe           |    79 |   175 |    78 ||   332
       Tailslap          |    10 |    27 |    12 ||    49
Throw: Throwing net      |       |       |     1 ||     1
 Abil: Breathe Acid      |       |       |     3 ||     3
  Use: Scroll            |       |     4 |       ||     4
       Potion            |       |     1 |     2 ||     3
 Stab: Sleeping          |     1 |     1 |       ||     2
  Eat: Chunk             |       |     5 |     1 ||     6
       Meat ration       |       |     1 |       ||     1
Armor: Skin              |    13 |    53 |    38 ||   104
Dodge: Dodged            |    52 |   163 |    82 ||   297

Table legend:
 A = Spawn XP
 B = Non-spawn XP
 C = Spawn XP percentage of total XP
 D = Spawn monster count
 E = Non-spawn monster count
 F = Spawn count percentage of total count
 G = Total turns spent on level
                    A         B        C        D         E        F      G
               +---------+---------+-------+---------+---------+-------+---------
         Total |     115 |    1292 |   8.2 |      19 |      87 |  17.9 |  4098
               +---------+---------+-------+---------+---------+-------+---------
           D:1 |       2 |      29 |   6.5 |       2 |      16 |  11.1 |   636
           D:2 |      66 |     160 |  29.2 |       8 |      18 |  30.8 |  1789
           D:3 |      22 |     423 |   4.9 |       6 |      33 |  15.4 |  1109
           D:4 |      25 |     680 |   3.5 |       3 |      20 |  13.0 |   564
               +---------+---------+-------+---------+---------+-------+---------
